AoeStats
← Arguin331

MegaRandom

509950457Analyzed
3v3 RM · 3d ago on Sep 28, 2026· 48m 22s· 6 players
Game mode
Random Map
Map size
Normal (6 player)
Population
200
Speed
Normal
Resources
Standard
Victory
Conquest
Starting age
Dark Age
Ending age
Imperial Age
RankedLock teamsTeams togetherTeam positionsShared explorationLock speedFull tech treeHidden civsTurbo modeCheats
Victory
Defeat
🇹🇷 Mongols · Türkiye
942
+15
🇪🇸 Burgundians · Spain
915
+17
🇺🇸 Muisca · United States
901
+17
🇫🇷 Poles · France
1005
-19
🇫🇷 Persians · France
895
-15
🇫🇷 Chinese · France
885
-15
Loretin
9:54 Feudal Age
10:26 Double-Bit Axe
11:21 Horse Collar
11:52 Bow Saw
15:46 Wheelbarrow
19:01 Castle Age
20:18 Squires
22:23 Hand Cart
25:40 Scale Mail Armor
25:53 Forging
29:21 Husbandry
29:34 Burgundian Vineyards
30:27 Heavy Plow
33:19 Imperial Age
34:26 Conscription
33:44 Elite Coustillier
35:29 Chemistry
35:18 Iron Casting
34:49 Scale Barding Armor
RX
13:05 Feudal Age
13:47 Double-Bit Axe
13:44 Horse Collar
13:51 Horse Collar
17:33 Champi Runner
19:37 Scale Mail Armor
22:31 Forging
29:21 Castle Age
30:27 Champi Warrior
31:49 Iron Casting
31:29 Chain Mail Armor
35:47 Pikeman
45:46 Imperial Age
Yüce Ahmet
0:32 Loom
10:49 Feudal Age
12:26 Wheelbarrow
12:01 Double-Bit Axe
12:46 Horse Collar
18:56 Castle Age
18:08 Stone Mining
28:10 Hand Cart
28:16 Bow Saw
30:10 Heavy Plow
31:05 Fletching
31:30 Forging
33:19 Bloodlines
33:11 Husbandry
38:21 Imperial Age
39:21 Gold Mining
40:07 Stone Shaft Mining
40:21 Conscription
40:25 Caravan
41:15 Iron Casting
40:46 Scale Barding Armor
41:52 Town Watch
41:30 Elite Mangudai
45:05 Blast Furnace
44:01 Bodkin Arrow
44:06 Padded Archer Armor
44:27 Chain Barding Armor
45:42 Elite Steppe Lancer
46:48 Town Patrol
49:14 Parthian Tactics
48:10 Heavy Cavalry Archer
nosh
3:42 Loom
11:34 Feudal Age
12:10 Horse Collar
18:48 Forging
18:44 Scale Barding Armor
23:54 Castle Age
23:48 Double-Bit Axe
25:38 Heavy Plow
26:10 Bloodlines
26:01 Husbandry
28:15 Bow Saw
28:28 Light Cavalry
29:46 Iron Casting
29:32 Chain Barding Armor
32:00 Wheelbarrow
33:24 Scale Mail Armor
36:42 Imperial Age
34:28 Hand Cart
34:21 Szlachta Privileges
39:01 Blast Furnace
38:18 Chain Mail Armor
37:29 Cavalier
41:12 Conscription
42:11 Lechitic Legacy
42:22 Plate Mail Armor
44:36 Winged Hussar
Arguin331
0:41 Loom
12:26 Feudal Age
13:39 Double-Bit Axe
14:27 Scale Barding Armor
16:06 Horse Collar
26:01 Castle Age
24:20 Stone Mining
24:23 Gold Mining
24:40 Scale Mail Armor
25:13 Forging
25:02 Man-at-Arms
26:50 Heavy Plow
27:52 Stone Shaft Mining
27:11 Long Swordsman
28:02 Squires
29:22 Iron Casting
30:29 Wheelbarrow
30:26 Chain Mail Armor
30:49 Pikeman
37:19 Imperial Age
35:29 Hand Cart
36:43 Murder Holes
38:30 Conscription
37:35 Two-Handed Swordsman
40:31 Champion
45:18 Bow Saw
47:10 Fletching
47:21 Padded Archer Armor
zebav
4:41 Loom
13:01 Feudal Age
13:27 Double-Bit Axe
13:26 Horse Collar
22:25 Castle Age
22:08 Bloodlines
22:59 Town Watch
30:21 Stone Mining
31:04 Gold Mining
31:19 Heavy Plow
34:36 Bow Saw
35:02 Town Patrol
37:52 Husbandry
38:00 Scale Barding Armor
41:22 Forging
41:33 Chain Barding Armor
42:19 Gold Shaft Mining
42:24 Stone Shaft Mining
44:12 Iron Casting
Connection lost

Rejoining the realm…

Still unreachable

The connection could not be restored.

Session expired

The server has moved on; the page needs a fresh start.